 Dungeon Crawl Stone Soup version 0.29.1-15-g9cfb28693d (webtiles) character file.

Game seed: 10781947459069756912

94 H0rd4k the Charlatan (level 4, 0/30 HPs)
             Began as an Octopode Artificer on Mar 15, 2023.
             Succumbed to an orc's poison
             ... on level 3 of the Dungeon.
             The game lasted 00:01:29 (2769 turns).

H0rd4k the Charlatan (Octopode Artificer)           Turns: 2769, Time: 00:01:30

Health: 0/30       AC:  1    Str: 11    XL:     4   Next: 63%
Magic:  6/7        EV: 13    Int: 15    God:
Gold:   146        SH:  0    Dex: 12    Spells: 7/7 levels left

rFire   . . .      SeeInvis .     - Unarmed
rCold   . . .      Faith    .   (no shield)
rNeg    . . .      Spirit   .   (helmet restricted)
rPois   .          Reflect  .   (no amulet)
rElec   .          Harm     .   (no ring)
rCorr   .          Rampage  .   (no ring)
Will    .....                   (no ring)
Stlth   +++.......              (no ring)
HPRegen 0.10/turn               (no ring)
MPRegen 0.10/turn               (no ring)
                                (no ring)
                                (no ring)

@: lethally poisoned (0 -> -4)
A: almost no armour, amphibious, 8 rings, camouflage 1, gelatinous body 1,
(nimble swimmer 1), tentacles
a: no special abilities


You were on level 3 of the Dungeon.
You visited 1 branch of the dungeon, and saw 3 of its levels.

You collected 146 gold pieces.

Inventory:

Missiles
 k - 11 poisoned darts
 n - a throwing net
Armour
 g - an orb of energy
Jewellery
 l - a ring of ice
 q - a +6 ring of dexterity
Wands
 b - a wand of flame (15) (quivered)
 c - a wand of charming (14)
 d - a wand of iceblast (5)
Scrolls
 a - 3 scrolls of fear {unknown}
 e - a scroll of immolation {unknown}
 f - a scroll of amnesia {unknown}
 i - a scroll of summoning {unknown}
 j - 2 scrolls of enchant weapon {unknown}
 p - 2 scrolls of identify {unknown}
Potions
 h - a potion of attraction {unknown}
 m - a potion of heal wounds {unknown}
 o - a potion of haste {unknown}
 r - a potion of lignification {unknown}


   Skills:
 * Level 2.4 Fighting
 - Level 2.3 Dodging
 - Level 1.3 Stealth
 + Level 2.2 Unarmed Combat
 * Level 2.0 Spellcasting
 - Level 3.2 Evocations


You had 7 spell levels left.
You didn't know any spells.
Your spell library contained the following spells:

 Spells                   Type           Power      Damage    Failure   Level
 Freeze                   Ice            4%         1d3       22%         1
 Frozen Ramparts          Ice            2%         1d1       54%         3
 Hailstorm                Conj/Ice       1%         3d3       91%         4


Dungeon Overview and Level Annotations

Branches:
Dungeon (3/15)

Altars:
Cheibriados
Fedhas
Yredelemnul


Innate Abilities, Weirdness & Mutations

You cannot wear most types of armour.
You are amphibious.
You can wear up to eight rings at the same time.
Your skin changes colour to match your surroundings (Stealth+).
Your rubbery body absorbs attacks. (AC +1, EV +1)
((You are camouflaged when in or above water. (Stealth+)))
You have tentacles for arms and can constrict up to eight enemies at once.


Message History

The hobgoblin shouts!
An orc comes into view.
It is wielding a +0 whip and quivering poisoned darts.
The hobgoblin throws a stone.
The stone hits you.
The orc moves out of view.
You tentacle-slap the goblin.
You kill the goblin!
The hobgoblin throws a stone.
The stone closely misses you.
The hobgoblin throws a stone.
The stone closely misses you.
Things that are here:
a +0 club; a goblin corpse The hobgoblin hits you but does no damage.
The orc shouts!
You tentacle-slap the hobgoblin but do no damage.
You grab the hobgoblin. You squeeze the hobgoblin.
The hobgoblin is severely wounded.
You constrict the hobgoblin.
You kill the hobgoblin!
The orc throws a poisoned dart.
The poisoned dart hits you!
You are poisoned.
Your Spellcasting skill increases to level 2!
You feel sick.
The orc throws a poisoned dart.
The poisoned dart hits you!
You are more poisoned.
You feel very sick.
You feel very sick.
The orc drinks a potion.
The orc goes berserk!
You tentacle-slap the orc. Your grab misses the orc. You squeeze the orc.
The orc is moderately wounded.
You feel sick. The orc misses you.
You tentacle-slap the orc. Your grab misses the orc.
The orc is heavily wounded.
You feel sick. The orc hits you with a +0 whip.
The orc hits you with a +0 whip!
* * * LOW HITPOINT WARNING * * *
You closely miss the orc. Your grab misses the orc.
Your squeeze misses the orc.
The orc is heavily wounded.
* * * LOW HITPOINT WARNING * * *
You feel sick. The orc closely misses you.
You tentacle-slap the orc. You grab the orc. You squeeze the orc.
You kill the orc!
You die...

....# #..#
....#######..#####.##
..............##....####
#######.......##........
#.......##........
##.......##.......
..#.....#####....##
#...P.P.)..(......#
###.._.......@)...#
#.P.P...........#
#...............#
###..#.............
##............###
###..........#
#..........#
#..........#


There were no monsters in sight!

Vanquished Creatures
  3 adders
  2 dart slugs
  3 orcs (D:3)
  10 bats
  3 endoplasms (D:3)
  2 giant cockroaches
  7 goblins
  6 hobgoblins
  2 jackals (D:3)
  5 kobolds
  2 quokkas
  5 ball pythons
  3 frilled lizards
  8 rats
61 creatures vanquished.

Vanquished Creatures (others)
  An orc wizard (D:3)
1 creature vanquished.

Grand Total: 62 creatures vanquished

Notes
Turn   | Place    | Note
-------+----------+-------------------------------------------
     0 | D:1      | H0rd4k the Octopode Artificer began the quest for the Orb.
     0 | D:1      | Reached XP level 1. HP: 13/13 MP: 1/1
   297 | D:1      | Reached XP level 2. HP: 15/18 MP: 1/3
   570 | D:1      | Reached skill level 1 in Spellcasting
  1284 | D:2      | Reached skill level 1 in Unarmed Combat
  1284 | D:2      | Reached XP level 3. HP: 20/24 MP: 4/4
  1366 | D:2      | Found a blossoming altar of Fedhas.
  1639 | D:2      | Found a faded altar of an unknown god.
  2273 | D:3      | Reached XP level 4. HP: 28/29 MP: 6/6
  2321 | D:3      | Found a snail-covered altar of Cheibriados.
  2751 | D:3      | Found a basalt altar of Yredelemnul.
  2768 | D:3      | HP: 1/30 [poisoned by an orc]
  2769 | D:3      | Succumbed to an orc's poison

Illustrated notes

Levels and vault maps discovered:
D:1:      matt_arrival_refuge, layout_loops_ring
D:2:      layout_loops_ring, basic_altar,
          hellmonk_ecumenical_altar_prayer_group, kennysheep_decorative_pillar
D:3:      layout_rooms, cheibriados_altar_1, yredelemnul_altar_generic

Skill      XL: |  1  2  3  4 |
---------------+-------------+-----
Spellcasting   | 1 2 |  2.0
Unarmed Combat | 1 2 |  2.2
Fighting       | 2 |  2.4
Dodging        | |  2.3
Stealth        | |  1.3
Evocations     | |  3.2

Action                   |  1- 3 |  4- 6 || total
-------------------------+-------+-------++-------
Melee: Unarmed           |    94 |    33 ||   127
       Constrict         |    22 |     8 ||    30
       Tentacles         |    22 |    10 ||    32
       Punch             |     4 |     1 ||     5
Evoke: Wand              |       |     1 ||     1
 Stab: Sleeping          |    11 |     4 ||    15
Armor: Skin              |    12 |     4 ||    16
Dodge: Dodged            |    63 |    22 ||    85
